[ PARTIDA AOE2 · #513607518 ]
UnrankedFrancos vs Spanish
Equipo del jugador · VICT
Equipo rival · DERR
[ ANÁLISIS DE REPETICIÓN · EXTRAÍDO DE LA PARTIDA GRABADA ]
Feudal
8:37
Castillos
25:48
Imperial
—
| APM promedio | 37.4 |
| APM pico | 100 |
| eAPM promedio | 16.1 |
| Aldeanos / militares | 55 / 30 |
Foco
⚔️ 34.5% · 🌾 65.5%
Ballestero montado ×19 · Scout Cavalry ×9 · Knight ×1 · Spearman ×1
Feudal
10:57
Castillos
16:57
Imperial
—
| APM promedio | 46.2 |
| APM pico | 114 |
| eAPM promedio | 17.2 |
| Aldeanos / militares | 40 / 19 |
Foco
⚔️ 15.4% · 🌾 84.6%
Conquistador ×18 · Battering Ram ×1
Mapa de la partida
Recursos iniciales + cada clic de construcción. Líneas = muros · curvas = relieve. ◆ oro · ⬟ piedra · ● bayas · ✦ reliquia · ◌ hueco del cierre
Tu base· ✓ Cerrada en 25:48 · 116t muro · 1 puerta(s)
Base de 卡皮巴拉· Abierta — hueco de 9t
Terreno inicial suavizado · ◌ = hueco del cierre detectado · pasá el cursor para detalles
Inputs por minuto
— CALF-PICO - - 卡皮巴拉
Build order — CALF-PICO
Primeras 150 de 200 acciones detectadas
| 0:01 | Encolar | Villager (Male) |
| 0:01 | Encolar | Villager (Male) |
| 0:01 | Encolar | Villager (Male) |
| 0:02 | Construir | House |
| 0:04 | Construir | House |
| 0:04 | Encolar | Villager (Male) |
| 0:05 | Encolar | Villager (Male) |
| 1:23 | Encolar | Villager (Male) |
| 1:23 | Encolar | Villager (Male) |
| 2:00 | Encolar | Villager (Male) |
| 2:13 | Encolar | Villager (Male) |
| 2:14 | Encolar | Villager (Male) |
| 2:52 | Construir | Mill |
| 3:04 | Construir | House |
| 3:07 | Encolar | Villager (Male) |
| 3:07 | Encolar | Villager (Male) |
| 3:07 | Encolar | Villager (Male) |
| 3:08 | Encolar | Villager (Male) |
| 3:22 | Encolar | Villager (Male) |
| 3:22 | Encolar | Villager (Male) |
| 3:22 | Encolar | Villager (Male) |
| 4:00 | Encolar | Villager (Male) |
| 4:01 | Encolar | Villager (Male) |
| 4:14 | Encolar | Villager (Male) |
| 4:14 | Encolar | Villager (Male) |
| 4:14 | Encolar | Villager (Male) |
| 4:18 | Encolar | Villager (Male) |
| 4:18 | Encolar | Villager (Male) |
| 4:18 | Encolar | Villager (Male) |
| 4:50 | Investigar | Loom |
| 5:36 | Construir | Lumber Camp |
| 6:25 | Investigar | Feudal Age |
| 6:25 | Investigar | Feudal Age |
| 7:38 | Construir | Barracks |
| 7:50 | Construir | House |
| 8:02 | Encolar | Villager (Male) |
| 8:02 | Encolar | Villager (Male) |
| 8:22 | Construir | Palisade Wall |
| 8:37 | Edad | Edad Feudal |
| 8:43 | Construir | Stable |
| 9:01 | Investigar | Double-Bit Axe |
| 9:02 | Investigar | Double-Bit Axe |
| 9:03 | Encolar | Villager (Male) |
| 9:21 | Encolar | Villager (Male) |
| 9:30 | Construir | House |
| 9:31 | Encolar | Scout Cavalry |
| 9:35 | Construir | Mining Camp |
| 9:48 | Encolar | Villager (Male) |
| 9:58 | Encolar | Villager (Male) |
| 10:03 | Construir | Palisade Wall |
| 10:23 | Construir | Watch Tower |
| 10:26 | Construir | Palisade Wall |
| 10:27 | Construir | Palisade Wall |
| 10:28 | Construir | Palisade Wall |
| 10:29 | Construir | Palisade Wall |
| 10:34 | Encolar | Scout Cavalry |
| 11:13 | Encolar | Villager (Male) |
| 11:21 | Construir | Mill |
| 12:22 | Encolar | Scout Cavalry |
| 12:32 | Construir | Watch Tower |
| 12:43 | Construir | Farm |
| 12:44 | Construir | Farm |
| 12:47 | Construir | Farm |
| 12:49 | Construir | Farm |
| 12:50 | Construir | Farm |
| 12:53 | Encolar | Villager (Male) |
| 12:58 | Construir | House |
| 13:09 | Construir | Watch Tower |
| 13:25 | Construir | Farm |
| 13:31 | Construir | House |
| 13:47 | Encolar | Scout Cavalry |
| 13:51 | Construir | House |
| 14:08 | Construir | Farm |
| 14:14 | Encolar | Villager (Male) |
| 14:22 | Construir | Farm |
| 14:23 | Construir | Farm |
| 14:24 | Construir | Farm |
| 14:38 | Encolar | Villager (Male) |
| 15:10 | Construir | Watch Tower |
| 15:18 | Encolar | Scout Cavalry |
| 15:23 | Encolar | Villager (Male) |
| 15:30 | Construir | Lumber Camp |
| 15:40 | Construir | Palisade Wall |
| 15:41 | Construir | Palisade Wall |
| 15:42 | Construir | Palisade Wall |
| 15:43 | Construir | Palisade Wall |
| 15:51 | Encolar | Villager (Male) |
| 15:52 | Encolar | Scout Cavalry |
| 16:12 | Encolar | Villager (Male) |
| 16:15 | Construir | Blacksmith |
| 16:36 | Encolar | Scout Cavalry |
| 16:47 | Construir | Watch Tower |
| 16:52 | Encolar | Scout Cavalry |
| 17:04 | Encolar | Spearman |
| 17:20 | Construir | Palisade Wall |
| 17:21 | Construir | Palisade Wall |
| 17:21 | Construir | Palisade Wall |
| 17:29 | Encolar | Villager (Male) |
| 17:33 | Construir | Palisade Wall |
| 17:42 | Encolar | Villager (Male) |
| 18:22 | Investigar | Fletching |
| 18:23 | Investigar | Fletching |
| 18:24 | Encolar | Villager (Male) |
| 18:24 | Encolar | Villager (Male) |
| 18:30 | Construir | Market |
| 18:42 | Construir | Palisade Wall |
| 18:43 | Construir | Palisade Wall |
| 19:05 | Encolar | Villager (Male) |
| 19:09 | Encolar | Villager (Male) |
| 19:17 | Construir | Stone Wall |
| 19:18 | Construir | Stone Wall |
| 19:22 | Construir | Stone Wall |
| 20:01 | Encolar | Scout Cavalry |
| 20:08 | Construir | Watch Tower |
| 20:19 | Construir | Watch Tower |
| 20:21 | Construir | House |
| 20:36 | Encolar | Villager (Male) |
| 20:42 | Construir | Stone Wall |
| 20:44 | Construir | Stone Wall |
| 20:56 | Encolar | Villager (Male) |
| 20:56 | Encolar | Villager (Male) |
| 20:58 | Construir | Mining Camp |
| 21:09 | Construir | Gate |
| 21:26 | Construir | Stone Wall |
| 21:29 | Encolar | Villager (Male) |
| 21:42 | Encolar | Villager (Male) |
| 21:56 | Construir | Stone Wall |
| 22:04 | Construir | Stone Wall |
| 22:05 | Construir | Stone Wall |
| 22:20 | Encolar | Villager (Male) |
| 22:35 | Construir | House |
| 22:55 | Construir | Stone Wall |
| 22:57 | Construir | Stone Wall |
| 23:08 | Investigar | Castle Age |
| 23:08 | Investigar | Castle Age |
| 23:08 | Investigar | Castle Age |
| 23:12 | Construir | Watch Tower |
| 23:39 | Construir | Farm |
| 23:44 | Construir | Farm |
| 23:47 | Construir | Farm |
| 24:08 | Construir | Palisade Wall |
| 24:09 | Construir | Palisade Wall |
| 24:11 | Construir | Palisade Wall |
| 24:19 | Construir | Farm |
| 24:32 | Construir | Stone Wall |
| 24:38 | Construir | Archery Range |
| 24:41 | Construir | Archery Range |
| 24:43 | Construir | Archery Range |
| 24:45 | Investigar | Gold Mining |
| 24:45 | Investigar | Gold Mining |
Build order — 卡皮巴拉
93 acciones detectadas en el replay
| 0:02 | Construir | House |
| 0:04 | Construir | House |
| 0:04 | Encolar | Villager (Male) ×4 |
| 0:04 | Encolar | Villager (Male) ×4 |
| 1:45 | Encolar | Villager (Male) |
| 1:46 | Encolar | Villager (Male) |
| 2:05 | Encolar | Villager (Male) |
| 2:06 | Encolar | Villager (Male) |
| 2:25 | Encolar | Villager (Male) |
| 2:26 | Encolar | Villager (Male) |
| 2:31 | Construir | Mining Camp |
| 2:43 | Construir | Lumber Camp |
| 3:17 | Encolar | Villager (Male) |
| 3:35 | Encolar | Villager (Male) |
| 3:35 | Encolar | Villager (Male) |
| 4:03 | Encolar | Villager (Male) |
| 4:12 | Construir | House |
| 4:14 | Construir | Palisade Wall |
| 4:29 | Encolar | Villager (Male) |
| 4:29 | Encolar | Villager (Male) |
| 4:35 | Construir | Mill |
| 5:05 | Encolar | Villager (Male) ×2 |
| 5:06 | Encolar | Villager (Male) ×2 |
| 5:36 | Construir | Palisade Wall |
| 5:40 | Construir | Palisade Wall |
| 5:49 | Encolar | Villager (Male) |
| 6:01 | Encolar | Villager (Male) |
| 6:11 | Encolar | Villager (Male) |
| 6:32 | Construir | Mining Camp |
| 6:34 | Encolar | Villager (Male) |
| 6:47 | Encolar | Villager (Male) |
| 7:20 | Construir | House |
| 7:24 | Investigar | Loom |
| 7:36 | Construir | Palisade Wall |
| 7:40 | Construir | Palisade Wall |
| 7:42 | Construir | Palisade Wall |
| 7:47 | Encolar | Villager (Male) |
| 7:55 | Encolar | Villager (Male) |
| 8:30 | Construir | Mill |
| 8:48 | Investigar | Feudal Age |
| 8:58 | Construir | Palisade Wall |
| 8:58 | Construir | Palisade Wall |
| 9:19 | Construir | Palisade Wall |
| 9:30 | Construir | Palisade Wall |
| 9:30 | Construir | Palisade Wall |
| 10:57 | Edad | Edad Feudal |
| 11:34 | Construir | Market |
| 14:00 | Construir | Blacksmith |
| 14:17 | Investigar | Castle Age |
| 14:42 | Construir | Farm |
| 14:43 | Construir | Farm |
| 15:24 | Construir | Farm |
| 15:59 | Construir | Farm |
| 16:16 | Construir | Farm |
| 16:53 | Construir | Palisade Wall |
| 16:57 | Edad | Edad de los Castillos |
| 17:15 | Encolar | Villager (Male) |
| 17:47 | Construir | Castle |
| 20:10 | Construir | Lumber Camp |
| 20:35 | Encolar | Villager (Male) |
| 20:48 | Construir | Mining Camp |
| 21:16 | Construir | Farm |
| 21:21 | Encolar | Villager (Male) |
| 21:31 | Encolar | Conquistador |
| 21:31 | Encolar | Conquistador |
| 22:13 | Encolar | Conquistador |
| 22:33 | Construir | Farm |
| 22:34 | Construir | Farm |
| 22:40 | Encolar | Conquistador |
| 22:40 | Encolar | Conquistador |
| 22:46 | Construir | Farm |
| 23:24 | Encolar | Conquistador |
| 23:59 | Encolar | Conquistador |
| 23:59 | Encolar | Conquistador |
| 24:23 | Encolar | Conquistador |
| 24:23 | Encolar | Conquistador |
| 24:34 | Construir | Siege Workshop |
| 24:39 | Encolar | Conquistador |
| 24:39 | Encolar | Conquistador |
| 25:06 | Encolar | Villager (Male) |
| 25:21 | Construir | Lumber Camp |
| 25:24 | Encolar | Conquistador ×2 |
| 25:42 | Encolar | Villager (Male) |
| 26:10 | Encolar | Conquistador |
| 26:10 | Encolar | Conquistador |
| 26:21 | Encolar | Conquistador |
| 26:21 | Encolar | Conquistador |
| 27:29 | Encolar | Villager (Male) |
| 27:30 | Encolar | Villager (Male) |
| 28:15 | Encolar | Battering Ram |
| 28:26 | Encolar | Villager (Male) |
| 28:26 | Encolar | Villager (Male) |
| 28:38 | Construir | Mining Camp |
Cronología de la partida
| 4:14 | 卡皮巴拉 · wall_segment Palisade Wall x1 |
| 5:36 | 卡皮巴拉 · wall_segment Palisade Wall x10 |
| 5:40 | 卡皮巴拉 · wall_segment Palisade Wall x8 |
| 7:36 | 卡皮巴拉 · wall_segment Palisade Wall x1 |
| 7:38 | CALF-PICO · first_building Barracks |
| 7:40 | 卡皮巴拉 · wall_segment Palisade Wall x5 |
| 7:42 | 卡皮巴拉 · wall_segment Palisade Wall x9 |
| 8:22 | CALF-PICO · wall_segment Palisade Wall x1 |
| 8:37 | CALF-PICO · age_up feudal |
| 8:43 | CALF-PICO · first_building Stable |
| 8:58 | 卡皮巴拉 · wall_segment Palisade Wall x1 |
| 8:58 | 卡皮巴拉 · wall_segment Palisade Wall x1 |
| 9:19 | 卡皮巴拉 · wall_segment Palisade Wall x1 |
| 9:30 | 卡皮巴拉 · wall_segment Palisade Wall x3 |
| 9:30 | 卡皮巴拉 · wall_segment Palisade Wall x1 |
| 10:03 | CALF-PICO · wall_segment Palisade Wall x18 |
| 10:26 | CALF-PICO · wall_segment Palisade Wall x1 |
| 10:27 | CALF-PICO · wall_segment Palisade Wall x1 |
| 10:28 | CALF-PICO · wall_segment Palisade Wall x1 |
| 10:29 | CALF-PICO · wall_segment Palisade Wall x1 |
| 10:57 | 卡皮巴拉 · age_up feudal |
| 12:43 | 卡皮巴拉 · first_market_sell 100 wood |
| 15:40 | CALF-PICO · wall_segment Palisade Wall x1 |
| 15:41 | CALF-PICO · wall_segment Palisade Wall x1 |
| 15:42 | CALF-PICO · wall_segment Palisade Wall x1 |
| 15:43 | CALF-PICO · wall_segment Palisade Wall x1 |
| 16:53 | 卡皮巴拉 · wall_segment Palisade Wall x1 |
| 16:57 | 卡皮巴拉 · age_up castle |
| 17:06 | 卡皮巴拉 · first_market_buy 100 stone |
| 17:20 | CALF-PICO · wall_segment Palisade Wall x1 |
| 17:21 | CALF-PICO · wall_segment Palisade Wall x1 |
| 17:21 | CALF-PICO · wall_segment Palisade Wall x1 |
| 17:33 | CALF-PICO · wall_segment Palisade Wall x14 |
| 17:47 | 卡皮巴拉 · first_building Castle |
| 18:42 | CALF-PICO · wall_segment Palisade Wall x1 |
| 18:43 | CALF-PICO · wall_segment Palisade Wall x1 |
| 19:17 | CALF-PICO · wall_segment Stone Wall x6 |
| 19:18 | CALF-PICO · wall_segment Stone Wall x6 |
| 19:22 | CALF-PICO · wall_segment Stone Wall x10 |
| 20:42 | CALF-PICO · wall_segment Stone Wall x14 |
| 20:44 | CALF-PICO · wall_segment Stone Wall x1 |
| 21:26 | CALF-PICO · wall_segment Stone Wall x10 |
| 21:56 | CALF-PICO · wall_segment Stone Wall x4 |
| 22:04 | CALF-PICO · wall_segment Stone Wall x5 |
| 22:05 | CALF-PICO · wall_segment Stone Wall x5 |
| 22:55 | CALF-PICO · wall_segment Stone Wall x5 |
| 22:57 | CALF-PICO · wall_segment Stone Wall x1 |
| 24:08 | CALF-PICO · wall_segment Palisade Wall x1 |
| 24:09 | CALF-PICO · wall_segment Palisade Wall x1 |
| 24:11 | CALF-PICO · wall_segment Palisade Wall x1 |
| 24:32 | CALF-PICO · wall_segment Stone Wall x1 |
| 24:34 | 卡皮巴拉 · first_building Siege Workshop |
| 24:38 | CALF-PICO · first_building Archery Range |
| 25:48 | CALF-PICO · age_up castle |
| 27:11 | CALF-PICO · first_market_sell 100 food |
| 27:12 | CALF-PICO · first_market_buy 100 wood |
| 30:14 | 卡皮巴拉 · resign |
[ ANÁLISIS IA · 1 CRÉDITO ]
¿Qué pasó realmente en esta partida?
Wolo.gg analiza cada decisión: build order, eco, micro, errores típicos por bracket. Análisis personalizado por WhatsApp o Discord en 30 segundos.
Guía civ
Francos
Perfil
CALF-PICO